 Dungeon Crawl Stone Soup version bcrawl-1.37.2 (webtiles) character file.

Game seed: 14957752595272950361

546939 Morbidden the Severer (level 15, -3/91 (92) HPs)
             Began as a Skeleton Fighter on Nov 27, 2022.
             Was the Champion of Cheibriados.
             Slain by an alligator (15 damage)
             ... on level 2 of the Swamp on Nov 28, 2022.
             The game lasted 00:41:54 (22968 turns).

Morbidden the Severer (Skeleton Fighter)           Turns: 22968, Time: 00:41:55

HP:   -3/91 (92)    AC: 25    Str: 45    XL:     15   Next: 98%
MP:   0/48          EV: 13    Int: 28    God:    Cheibriados [******]
Gold: 1560          SH: 25    Dex: 23    Spells: 36/36 levels left

rFire    . . .     GDR:     40% a - +0 eveningstar
rCold    + . .     SeeInvis .   F - +0 large shield {rN+}
rNeg     + + +     Gourm    .   T - +3 plate armour
rPois    ∞         Faith    .   u - +0 helmet
rElec    .         Spirit   +   H - +2 ratskin cloak {+Rats rN+}
rCorr    .         Reflect  .   P - +0 pair of gloves of Beim {*Contam +Blink Str+4}
MR       +++..     Clarity  +   I - +0 pair of boots
Stlth    ..........             k - amulet of regeneration
HPRegen  0.25/turn              l - ring of magical power
MPRegen  0.31/turn              r - ring of Vuimu {rPois MR+ MP+9 Str+3 Stlth-}

@: very slow
A: no food or potions, cold resistance 1, deterioration 1, negative energy
resistance 3, powered by death 1, torment resistance, unbreathing, magic shield,
sturdy frame 2, spell healing
a: Bend Time, Defer, Temporal Distortion, Step From Time, Renounce Religion,
Evoke Blink, Evoke Ratskin


You were on level 2 of the Swamp.
You worshipped Cheibriados.
Cheibriados was exalted by your worship.
You were not hungry.

You visited 4 branches of the dungeon, and saw 21 of its levels.
You also visited: Sewer, Ossuary and Gauntlet.

You collected 2174 gold pieces.
You spent 614 gold pieces at shops.

Inventory:

Hand Weapons
 a - a +0 eveningstar (weapon)
 b - a +2 broad axe of chopping
 z - a +1 blowgun
Missiles
 j - 393 poisoned tomahawks
 A - 598 poisoned needles
 E - 318 javelins (quivered)
Armour
 u - a +0 helmet (worn)
 F - a +0 large shield of positive energy (worn)
 H - the +2 ratskin cloak (worn) {+Rats rN+}
   (You found it on level 6 of the Lair of Beasts)

   It protects you from negative energy.
 I - a +0 pair of boots (worn)
 P - the +0 pair of gloves of Beim (worn) {*Contam +Blink Str+4}
   (You found it on level 10 of the Dungeon)

   It affects your strength (+4).
   It lets you blink.
   It causes magical contamination when unequipped.
 T - a +3 plate armour (worn)
Jewellery
 g - an uncursed ring of wizardry
 k - an amulet of regeneration (around neck)
 l - a ring of magical power (left hand)
 o - the amulet "Olarux" {Faith rF- rN+ Int+8 SInv}
   (You found it in a Gauntlet)

   [amulet of faith]

   It allows you to gain divine favour quickly.
   It affects your intelligence (+8).
   It makes you vulnerable to fire.
   It protects you from negative energy.
   It lets you see invisible.
 r - the ring of Vuimu (right hand) {rPois MR+ MP+9 Str+3 Stlth-}
   (You found it in a Gauntlet)

   [ring of magical power]

   It affects your strength (+3).
   It protects you from poison.
   It affects your resistance to hostile enchantments.
   It affects your magic capacity (+9).
   It makes you less stealthy.
 J - a +5 ring of evasion
 L - the ring "Muwou" {Fire MR+}
   (You found it on level 6 of the Lair of Beasts)

   [ring of fire]

   It enhances your fire magic.
   It protects you from fire.
   It makes you vulnerable to cold.
   It affects your resistance to hostile enchantments.
 O - an uncursed ring of protection from magic
Wands
 n - a wand of scattershot (3)
 s - a wand of iceblast (25)
 v - a wand of paralysis (12)
 x - a wand of polymorph (25)
 y - a wand of flame (2)
 C - a wand of random effects (5)
 D - a wand of disintegration (43)
Scrolls
 c - 2 scrolls of amnesia
 d - 4 scrolls of enchant armour
 f - 5 scrolls of immolation
 h - 3 scrolls of magic mapping
 i - a scroll of identify
 m - 4 scrolls of enchant weapon
 p - 2 scrolls of teleportation
 q - a scroll of vulnerability {unknown}
 t - a scroll of torment
 w - 6 scrolls of remove curse {unknown}
 B - 2 scrolls of fear
 G - a scroll of blinking
 K - a scroll of noise
 M - a scroll of summoning {unknown}
 N - 3 scrolls of silence {unknown}
 S - 2 scrolls of fog {unknown}
Miscellaneous
 Q - a box of beasts
Comestibles
 e - a ration {!d}


   Skills:
 * Level 10.0 Fighting
 * Level 15.4(16.7) Axes
 * Level 11.3(14.7) Maces & Flails
 + Level 2.5 Throwing
 * Level 10.5 Armour
 * Level 8.9 Dodging
 + Level 1.7 Stealth
 * Level 14.4 Shields
 * Level 11.4 Spellcasting
 * Level 6.7 Invocations
 * Level 7.0 Evocations


You had 36 spell levels left.
You didn't know any spells.
Your spell library contained the following spells:

 Spells                   Type           Power        Failure   Level  Hunger
 Apportation              Tloc           ###...       97%         1    N/A
 Summon Butterflies       Summ           ###.....     97%         1    N/A
 Summon Small Mammal      Summ           ###.         97%         1    N/A
 Call Imp                 Summ           ###...       99%         2    N/A
 Beckoning                Tloc           ###.......   100%        3    N/A
 Call Canine Familiar     Summ           ###.....     100%        3    N/A
 Ignite Poison            Fire/Tmut/Pois ###.....     100%        3    N/A
 Tukima's Dance           Hex            ###.....     100%        3    N/A
 Petrify                  Tmut/Erth      ###.......   100%        4    N/A
 Sticky Flame             Conj/Fire      ###.....     100%        4    N/A
 Summon Ice Beast         Ice/Summ       ###.....     100%        4    N/A
 Summon Lightning Spire   Summ/Air       ###.....     100%        5    N/A
 Deflect Missiles         Chrm/Air       ###.......   100%        6    N/A
 Invisibility             Hex            ###.....     100%        6    N/A
 Ozocubu's Refrigeration  Ice            ###.......   100%        6    N/A
 Virulence                Hex/Pois       ###.....     100%        6    N/A
 Sublimation of Blood     Necr           Unusable     N/A         2    N/A

Dungeon Overview and Level Annotations

Branches:
Dungeon (12/12)            Temple (0/1) D:7            Lair (6/6) D:9
  Swamp (2/3) Lair:2        Snake (0/3) Lair:4        Slime (0/5) Lair:6
    Orc (1/1) D:10            Elf (0/3) Orc          Vaults (0/3) D:11
 Depths (0/5) D:12

Altars:
Ashenzari
Cheibriados
Dithmenos
Lugonu
Okawaru
Qazlal
Ru
Sif Muna
Trog
Wu Jian
Xom
Jiyva

Shops:
D:8 ?   Orc :*(}?

Annotations:
D:8 exclusion: 4 orange crystal statues
D:10 1 runed translucent door, yrara's ghost, journeyman DsFi
Lair:1 1 runed translucent door, Mehrunes's ghost, novice OpEE
Lair:3 exclusion: oklob plant, Rupert


Innate Abilities, Weirdness & Mutations

You do not eat or drink.
You are immune to poison.
Your flesh is cold resistant. (rC+)
Your body sometimes deteriorates upon taking damage.
You are immune to negative energy. (rN+++)
You regenerate a little health from kills.
You are immune to unholy pain and torment.
You can survive without breathing.
When hurt, damage is shared between your health and your magic reserves.
Your movements are less encumbered by armour. (ER -4)
Casting spells heals you.


Message History

You block the alligator's attack.
The five-headed hydra bites you but does no damage.
The five-headed hydra bites you.
* * * LOW HITPOINT WARNING * * *
You block the five-headed hydra's attack. x2
The five-headed hydra bites you.
No path to travel!
No path to travel!
The flow of time bends around you.
The five-headed hydra resists with some effort.
Cheibriados rebukes the alligator.
The alligator seems to slow down.
The tyrant leech resists with some effort.
You block the tyrant leech's attack.
You block the five-headed hydra's attack.
The five-headed hydra barely misses you.
You block the five-headed hydra's attack.
The five-headed hydra bites you but does no damage. x2
The alligator bites you!
You die...

§≈≈.≈ ≈≈..♣
.≈.. ..$♣♣♣♣
..$.... ♣♣♣
.....♣
♣§≈♣w..≈≈♣♣
♣..@.....≈♣
♣.Dt§≈≈≈≈≈♣
♣≈≈≈≈≈≈≈≈≈≈≈
.≈≈...≈≈≈≈≈..≈≈
.≈≈..≈≈≈≈.≈≈≈≈≈
♣♣..$≈≈≈≈.§≈≈≈≈
♣≈...≈≈≈≈≈.≈≈≈≈
♣♣♣♣♣≈..≈....≈≈
♣≈≈..≈≈≈...


You could see an alligator, a five-headed hydra and a tyrant leech.

Vanquished Creatures
  Louise (Swamp:1)
  2 orc warlords (Orc)
  An imperial myrmidon (Orc)
  A minotaur (Gauntlet)
  Snorg (Lair:3)
  An ettin (D:12)
  Urug (Lair:2)
  11 hydras
  3 vault guards (D:11)
  A shambling mangrove (Swamp:1)
  Psyche (D:8)
  5 alligators (Swamp:1)
  A catoblepas (D:9)
  8 two-headed ogres
  A death knight (D:10)
  A tengu warrior (D:11)
  Sonja (D:10)
  An orc high priest (Orc)
  3 death yaks
  2 ogre magi (D:12)
  2 centaur warriors (D:11)
  4 skeletal warriors
  A deep troll (D:12)
  2 swamp dragons
  3 unseen horrors
  A death drake (Gauntlet)
  2 spectral wolf spiders (Gauntlet)
  2 phantasmal warriors
  A lindwurm (Lair:6)
  2 cyclopes
  3 wolf spider zombies
  2 deep elf magi
  An orc sorcerer (Orc)
  3 orc knights
  2 manticores
  3 ugly things
  10 elephants
  Joseph (D:10)
  6 will-o'-wisps (Swamp:1)
  4 black mambas
  An ice statue (Gauntlet)
  A torpor snail (Lair:6)
  7 cane toads
  6 komodo dragons
  A rime drake (Gauntlet)
  2 efreet
  A yaktaur (D:11)
  3 flying skulls (Gauntlet)
  3 freezing wraiths
  A queen bee (Lair:1)
  3 trolls
  Maurice (D:8)
  3 tyrant leeches
  3 raiju (Lair:6)
  Grinder (D:4)
  20 slime creatures
  10 polar bears
  A harpy skeleton (D:11)
  3 hornets (Swamp:1)
  8 saltlings (Orc)
  4 bog bodies
  5 dream sheep
  8 blink frogs (Lair:6)
  3 hippogriffs
  A spriggan (shapeshifter) (D:11)
  Sigmund (D:2)
  A wyvern (D:11)
  A spriggan (Swamp:1)
  2 wraiths
  47 yaks
  2 vampires (D:12)
  Eustachio (D:4)
  2 basilisks
  A hungry ghost (D:10)
  9 humans (D:11)
  11 vampire mosquitoes
  Menkaure (Ossuary)
  Edmund (D:4)
  A steam dragon (Lair:6)
  5 wargs
  3 swamp worms
  7 crocodiles
  14 hell hounds (Lair:6)
  12 water moccasins
  An acid dragon (Lair:6)
  Duvessa (D:5)
  2 swamp drakes (Lair:6)
  3 porcupines
  20 orc warriors
  14 black bears
  4 ice beasts
  2 hornet zombies (Gauntlet)
  3 phantoms
  A sky beast (D:5)
  7 necrophages
  8 ogres
  25 wolves
  13 bullfrogs
  9 kobold brigands
  Dowan (D:5)
  11 centaurs
  2 wyvern skeletons
  4 scorpions
  28 killer bees
  6 howler monkeys
  11 orc priests
  6 crimson imps
  A bullfrog zombie (D:7)
  8 hounds
  5 jellies
  Crazy Yiuf (D:2)
  An iguana (D:3)
  Ijyb (D:3)
  7 worker ants
  Natasha (thrice) (D:4)
  20 orc wizards
  Terence (D:3)
  A killer bee zombie (D:6)
  2 hound zombies (D:6)
  A hound skeleton (D:4)
  3 mummies (Ossuary)
  A howler monkey zombie (D:6)
  A worker ant zombie (D:6)
  3 gnolls
  13 adders
  3 river rats (Sewer)
  6 shadow imps
  3 adder zombies
  An adder skeleton (D:7)
  5 worms
  4 dart slugs
  7 leopard geckos
  74 orcs
  7 giant cockroaches
  4 gnoll zombies (Ossuary)
  11 goblins
  5 hobgoblins
  6 jackals
  9 quokkas
  2 ball pythons
  6 bats
  3 frilled lizards
  4 gnoll skeletons (Ossuary)
  4 goblin skeletons (Ossuary)
  4 goblin zombies (Ossuary)
  5 hobgoblin skeletons (Ossuary)
  4 hobgoblin zombies (Ossuary)
  29 kobolds
  5 kobold skeletons (Ossuary)
  2 kobold zombies (Ossuary)
  An orc skeleton (Ossuary)
  8 orc zombies (Ossuary)
  2 quokka skeletons (D:4)
  2 rats
  6 rat skeletons (Ossuary)
  3 rat zombies (Ossuary)
  2 bushes (Lair:6)
  3 fungi
  A pillar of salt (Orc)
820 creatures vanquished.

Vanquished Creatures (others)
  A swamp drake (Lair:6)
  2 bushes (Lair:6)
  16 fungi
  A pillar of salt (Orc)
  42 plants
62 creatures vanquished.

Grand Total: 882 creatures vanquished

Notes
Turn   | Place    | Note
-------+----------+-------------------------------------------
     0 | D:1      | Morbidden the Skeleton Fighter began the quest for the Orb.
     0 | D:1      | Reached XP level 1. HP: 14/14 MP: 1/1
   341 | D:1      | Reached XP level 2. HP: 3/19 MP: 0/2
   789 | D:1      | Reached skill level 1 in Spellcasting
  1036 | D:2      | Reached XP level 3. HP: 9/23 MP: 1/4
  1096 | D:2      | Found a runed door.
  1114 | D:2      | Found a shimmering altar of Xom.
  1751 | D:2      | Reached skill level 1 in Dodging
  1751 | D:2      | Reached XP level 4. HP: 19/28 MP: 3/6
  1860 | D:2      | Noticed Sigmund
  2091 | D:3      | Noticed Terence
  2108 | D:3      | Killed Terence
  2122 | D:3      | Reached XP level 5. HP: 24/32 MP: 4/7
  2208 | D:3      | Noticed Ijyb
  2460 | D:3      | Killed Ijyb
  3148 | D:4      | Found a white marble altar of Elyvilon.
  3162 | D:4      | Noticed Grinder
  3187 | D:4      | Found a sand-covered staircase.
  3191 | Ossuary  | Entered an ossuary
  3474 | Ossuary  | Gained mutation: You regenerate a little health from kills.
                  | [Skeleton growth]
  3474 | Ossuary  | Reached XP level 6. HP: 38/38 MP: 8/8
  3574 | Ossuary  | Reached skill level 1 in Axes
  3574 | Ossuary  | Reached skill level 5 in Shields
  3593 | Ossuary  | Noticed Menkaure
  3599 | Ossuary  | Killed Menkaure
  3600 | Ossuary  | Reached skill level 2 in Axes
  3668 | D:4      | Paralysed by Grinder for 3 turns
  3677 | D:4      | Killed Grinder
  3678 | D:4      | Reached skill level 3 in Axes
  3678 | D:4      | Reached XP level 7. HP: 39/43 MP: 10/10
  3746 | D:4      | Noticed Natasha
  3750 | D:4      | Killed Natasha
  3751 | D:4      | Reached skill level 4 in Axes
  3846 | D:4      | Noticed Edmund
  3846 | D:4      | Noticed Eustachio
  3874 | D:4      | Killed Edmund
  3875 | D:4      | Reached skill level 5 in Axes
  3875 | D:4      | Reached skill level 5 in Maces & Flails
  3883 | D:4      | Noticed Natasha
  3887 | D:4      | Killed Natasha
  3934 | D:4      | Found a corrupted altar of Lugonu.
  3944 | D:4      | Killed Eustachio
  3945 | D:4      | Reached XP level 8. HP: 42/48 MP: 10/12
  4255 | D:4      | Noticed Natasha
  4264 | D:4      | Killed Natasha
  4554 | D:2      | Killed Sigmund
  4555 | D:2      | Reached skill level 6 in Axes
  4555 | D:2      | Reached skill level 1 in Throwing
  4555 | D:2      | Reached skill level 5 in Armour
  4584 | D:2      | Noticed Crazy Yiuf
  4590 | D:2      | Killed Crazy Yiuf
  4673 | D:5      | Entered Level 5 of the Dungeon
  4846 | D:5      | Found a sacrificial altar of Ru.
  5042 | D:5      | Found a bloodstained altar of Trog.
  5131 | D:5      | Found a stormy altar of Qazlal.
  5242 | D:5      | Noticed Duvessa
  5242 | D:5      | Noticed Dowan
  5266 | D:5      | Killed Duvessa
  5267 | D:5      | Reached skill level 7 in Axes
  5290 | D:5      | Killed Dowan
  5337 | D:5      | Reached XP level 9. HP: 49/53 MP: 13/15
  5541 | D:5      | Found an iron altar of Okawaru.
  5792 | D:6      | Found a snail-covered altar of Cheibriados.
  5803 | D:6      | Became a worshipper of Cheibriados the Contemplative
  5859 | D:6      | Found a glowing drain.
  5863 | Sewer    | Entered a sewer
  5984 | Sewer    | Found a white marble altar of Elyvilon.
  6166 | D:6      | Reached * piety under Cheibriados
  6167 | D:6      | Reached skill level 5 in Fighting
  6189 | D:6      | Reached skill level 1 in Invocations
  6190 | D:6      | Reached skill level 8 in Axes
  6384 | D:6      | Reached ** piety under Cheibriados
  6417 | D:6      | Reached skill level 1 in Evocations
  6743 | D:6      | Reached skill level 5 in Spellcasting
  6769 | D:7      | Reached skill level 9 in Axes
  7021 | D:7      | Found a shadowy altar of Dithmenos.
  7061 | D:7      | Reached *** piety under Cheibriados
  7137 | D:7      | Found a staircase to the Ecumenical Temple.
  7295 | D:7      | Gained mutation: Your movements are less encumbered by
                  | armour. (ER -4) [Skeleton growth]
  7295 | D:7      | Reached XP level 10. HP: 59/59 MP: 17/17
  7367 | D:7      | Found a shattered altar of Ashenzari.
  7794 | D:8      | Noticed Maurice
  7796 | D:8      | Found a runed door.
  7810 | D:8      | Found a runed door.
  7967 | D:8      | Got a dull robe
  7973 | D:8      | Found Iroxyofo's Magic Scroll Emporium.
  7984 | D:8      | Bought a scroll of blinking for 90 gold pieces
  7984 | D:8      | Bought a scroll of enchant armour for 90 gold pieces
  8238 | D:8      | Killed Maurice
  8268 | D:8      | Noticed Psyche
  8357 | D:8      | Noticed a three-headed hydra
  8377 | D:8      | Killed a three-headed hydra
  8387 | D:8      | Reached **** piety under Cheibriados
  8435 | D:7      | Reached skill level 10 in Axes
  8692 | D:8      | Found the +10 large shield of Ignorance {rN+ Int-4}
  8714 | D:8      | Noticed an orange crystal statue
  8813 | D:8      | Killed Psyche
  8976 | D:8      | Noticed an orange crystal statue
  8976 | D:8      | Noticed an orange crystal statue
  8976 | D:8      | Noticed an orange crystal statue
  8979 | D:8      | Noticed a seven-headed hydra
  9236 | D:9      | Reached XP level 11. HP: 43/65 MP: 10/19
  9259 | D:9      | Killed an unseen horror
  9274 | D:9      | Reached skill level 5 in Dodging
  9325 | D:9      | Reached ***** piety under Cheibriados
  9412 | D:9      | Found a staircase to the Lair.
  9475 | D:9      | Noticed a catoblepas
  9608 | Lair:1   | Entered Level 1 of the Lair of Beasts
  9731 | Lair:1   | Found a runed translucent door.
  9733 | Lair:1   | Noticed Mehrunes's ghost (novice OpEE)
  9736 | Lair:1   | Identified the +7 spear "Sefohec" {drain, +Inv Int-4 Dex+4}
 10116 | Lair:1   | Found a sacrificial altar of Ru.
 10509 | Lair:1   | Noticed a four-headed hydra
 10520 | Lair:1   | Killed a four-headed hydra
 10987 | Lair:2   | Noticed Urug
 11041 | Lair:2   | Killed Urug
 11042 | Lair:2   | Reached skill level 11 in Axes
 11074 | Lair:2   | Reached XP level 12. HP: 72/72 MP: 20/22
 11099 | Lair:2   | Reached skill level 10 in Shields
 11100 | Lair:2   | Found a staircase to the Swamp.
 11764 | Lair:2   | Reached skill level 1 in Stealth
 11768 | Lair:2   | Reached ****** piety under Cheibriados
 12074 | Swamp:1  | Entered Level 1 of the Swamp
 12313 | Lair:2   | Identified a scroll of acquirement
 12314 | Lair:2   | Identified the +7 longbow of Kiq Raih {flame, rN+ MR+
                  | Int+5} (You acquired it on level 2 of the Lair of Beasts)
 12314 | Lair:2   | Identified the ring "Sahuebb" {rPois Str+4 Stlth+} (You
                  | acquired it on level 2 of the Lair of Beasts)
 12506 | Lair:3   | Noticed Snorg
 12808 | Lair:3   | Reached skill level 12 in Axes
 12920 | Lair:3   | Killed Snorg
 13266 | Lair:3   | Noticed Rupert
 13911 | Lair:4   | Found a staircase to the Snake Pit.
 14064 | Lair:4   | Reached XP level 13. HP: 78/78 MP: 23/25
 14933 | Lair:5   | Got a fine glaive
 15161 | Lair:6   | Entered Level 6 of the Lair of Beasts
 15470 | Lair:6   | Reached skill level 13 in Axes
 15486 | Lair:6   | Reached skill level 5 in Evocations
 15556 | Lair:6   | Found the +2 ratskin cloak {+Rats rN+}
 15565 | Lair:6   | Identified the +9 glaive of Causality {speed, rC+} (You
                  | found it on level 5 of the Lair of Beasts)
 15896 | Lair:6   | Reached skill level 5 in Invocations
 16206 | Lair:6   | Got a coiled ivory ring
 16207 | Lair:6   | Identified the ring "Muwou" {Fire MR+} (You found it on
                  | level 6 of the Lair of Beasts)
 16488 | Lair:6   | Reached XP level 14. HP: 70/83 MP: 20/27
 16616 | Lair:6   | Found a viscous altar of Jiyva.
 16618 | Lair:6   | Found a staircase to the Slime Pits.
 17148 | D:9      | Reached skill level 10 in Maces & Flails
 17258 | D:9      | Found an ornate altar of the Wu Jian Council.
 17321 | D:9      | Found a shimmering blue altar of Sif Muna.
 17405 | D:9      | Found a blossoming altar of Fedhas.
 17410 | D:9      | Got a crude scale mail
 17529 | D:10     | Entered Level 10 of the Dungeon
 17556 | D:10     | Noticed Sonja
 17701 | D:10     | Found a staircase to the Orcish Mines.
 17708 | D:10     | Identified the +5 scale mail of Zoiptoc {rF- Slay+2 Stlth+}
                  | (You found it on level 9 of the Dungeon)
 17945 | D:10     | Noticed Joseph
 17954 | D:10     | Reached skill level 10 in Spellcasting
 17964 | D:10     | Killed Joseph
 18111 | D:10     | Got a pair of shimmering gloves
 18162 | D:10     | Killed Sonja
 18169 | D:10     | Identified the +0 pair of gloves of Beim {*Contam +Blink
                  | Str+4} (You found it on level 10 of the Dungeon)
 18175 | D:10     | Found a runed translucent door.
 18178 | D:10     | Noticed yrara's ghost (journeyman DsFi)
 18808 | D:11     | Found a gate to the Vaults.
 19164 | D:11     | Reached skill level 14 in Axes
 19328 | D:11     | Found a stormy altar of Qazlal.
 19715 | D:12     | Entered Level 12 of the Dungeon
 19715 | D:12     | Found a gate leading to a gauntlet.
 19721 | D:12     | Reached skill level 10 in Armour
 19739 | Gauntlet | Entered a Gauntlet
 19739 | Gauntlet | Found a transporter.
 19739 | Gauntlet | Found a transporter.
 19757 | Gauntlet | Found a transporter.
 19761 | Gauntlet | Found a transporter.
 19771 | Gauntlet | Found a transporter.
 19775 | Gauntlet | Found a transporter.
 19791 | Gauntlet | Found a transporter.
 19806 | Gauntlet | Found a transporter.
 19824 | Gauntlet | Found a transporter.
 19828 | Gauntlet | Found a transporter.
 19838 | Gauntlet | Found a transporter.
 19842 | Gauntlet | Found a transporter.
 20065 | Gauntlet | Reached XP level 15. HP: 91/91 MP: 26/29
 20066 | Gauntlet | Got a slimy sapphire amulet
 20072 | Gauntlet | Identified the amulet "Olarux" {Faith rF- rN+ Int+8 SInv}
                  | (You found it in a Gauntlet)
 20098 | Gauntlet | Got a pitted granite ring
 20103 | Gauntlet | Identified the ring of Vuimu {rPois MR+ MP+9 Str+3 Stlth-}
                  | (You found it in a Gauntlet)
 20349 | D:12     | Found a staircase to the Depths.
 20879 | Orc      | Entered the Orcish Mines
 21041 | Orc      | Found a staircase to the Elven Halls.
 21414 | Orc      | Found Aptor's General Store.
 21425 | Orc      | Bought a scroll of enchant weapon for 105 gold pieces
 21425 | Orc      | Bought a scroll of enchant weapon for 105 gold pieces
 21486 | Orc      | Noticed an imperial myrmidon
 21501 | Orc      | Killed an imperial myrmidon
 21502 | Orc      | Reached skill level 15 in Axes
 21586 | Orc      | Noticed an orc warlord
 21594 | Orc      | Killed an orc warlord
 21621 | Orc      | Found Jiplum's Book Shop.
 21640 | Orc      | Found Doror's Gadget Shoppe.
 21654 | Orc      | Found a roughly hewn altar of Beogh.
 21667 | Orc      | Found Beibuass's Antique Weapon Shoppe.
 21832 | Orc      | Found Igaoqac's Magic Scroll Shoppe.
 21832 | Orc      | Noticed an orc warlord
 21849 | Orc      | Killed an orc warlord
 21887 | Orc      | Bought a scroll of enchant weapon for 112 gold pieces
 21887 | Orc      | Bought a scroll of enchant weapon for 112 gold pieces
 22288 | Swamp:1  | Noticed Louise
 22306 | Swamp:1  | Killed Louise
 22568 | Swamp:1  | Reached skill level 10 in Fighting
 22968 | Swamp:2  | Slain by an alligator

Skill      XL: |  1  2  3  4  5  6  7  8  9 10 11 12 13 14 15 |
---------------+----------------------------------------------+-----
Shields        | 4 5 6 7 8 9 10 12 13 14 | 14.4
Spellcasting   | 1 2 3 4 5 7 8 9 10 11 | 11.4
Maces & Flails | 3 4 5 6 7 8 9 10 11 | 11.3
Dodging        | 1 2 3 4 5 6 7 8 |  8.9
Armour         | 4 5 6 8 9 10 | 10.5
Axes           | 3 5 7 9 10 11 12 13 14 15 | 15.4
Fighting       | 4 5 6 7 8 9 10 | 10.0
Throwing       | 1 2 |  2.5
Invocations    | 1 2 3 4 5 6 |  6.7
Evocations     | 1 2 3 4 5 6 7 |  7.0
Stealth        | 1 |  1.7

Action                   |  1- 3 |  4- 6 |  7- 9 | 10-12 | 13-15 || total
-------------------------+-------+-------+-------+-------+-------++-------
Melee: Flail             |   193 |   227 |       |       |       ||   420
       War axe           |       |   152 |   505 |   414 |   411 ||  1482
       Mace              |       |       |    27 |   363 |   376 ||   766
       Broad axe         |       |       |       |       |   553 ||   553
       Morningstar       |       |       |       |       |     5 ||     5
       Eveningstar       |       |       |       |       |    62 ||    62
 Fire: Blowgun           |       |       |       |       |     5 ||     5
Throw: Tomahawk          |       |       |    44 |    45 |    18 ||   107
       Javelin           |       |       |       |     8 |    73 ||    81
Invok: Defer             |       |       |       |     2 |     1 ||     3
       Step From Time    |       |       |       |       |     1 ||     1
       Bend Time         |       |       |       |       |     1 ||     1
 Abil: Evoke Ratskin     |       |       |       |       |     1 ||     1
Evoke: Wand              |       |       |       |    12 |     3 ||    15
  Use: Scroll            |     1 |     4 |     1 |    11 |    12 ||    29
 Stab: Paralysed         |       |       |     1 |    10 |       ||    11
       Invisible         |       |       |       |     1 |       ||     1
Armor: Scale mail        |   106 |    33 |       |       |       ||   139
       Chain mail        |       |    76 |   188 |   269 |   341 ||   874
       Plate armour      |       |       |       |       |   296 ||   296
Dodge: Dodged            |   109 |   123 |   229 |   504 |   850 ||  1815
Block: Medium shield     |   141 |   162 |   308 |   519 |       ||  1130
       Large shield      |       |       |       |   204 |  2084 ||  2288
